 Dungeon Crawl Stone Soup version 0.29.1 (webtiles) character file.

Game seed: 14011613143306241575

6143 EvilAshe the Basher (level 11, -3/66 HPs)
             Began as a Kobold Berserker on Sept 14, 2022.
             Was a Priest of Trog.
             Slain by a boulder beetle (15 damage)
             ... on level 9 of the Dungeon.
             The game lasted 00:25:18 (15428 turns).

EvilAshe the Basher (Kobold Berserker)             Turns: 15428, Time: 00:25:19

Health: -3/66      AC: 13    Str: 26    XL:     11   Next: 13%
Magic:  11/11      EV:  9    Int: 14    God:    Trog [***...]
Gold:   660        SH:  7    Dex: 14    Spells: 10/10 levels left

rFire   . . .      SeeInvis .   E - +3 flail (vorpal)
rCold   . . .      Faith    .   b - +3 warlock's mirror {reflect}
rNeg    . . .      Spirit   .   q - +1 plate armour
rPois   .          Reflect  +   (no helmet)
rElec   .          Harm     .   (no cloak)
rCorr   .          Rampage  .   (no gloves)
Will    .....                   (no boots)
Stlth   ..........              (no amulet)
HPRegen 0.21/turn               v - +6 ring of strength
MPRegen 0.12/turn               p - +6 ring of intelligence

@: no status effects
A: small, no large weapons, nightstalker 3
a: Renounce Religion, Berserk, Trog's Hand


You were on level 9 of the Dungeon.
You worshipped Trog.
Trog was most pleased with you.
You visited 1 branch of the dungeon, and saw 10 of its levels.

You collected 660 gold pieces.

Inventory:

Hand Weapons
 a - a +0 mace
 l - a +0 flail
 E - a +3 vorpal flail (weapon)
Missiles
 k - 72 stones
 n - 10 poisoned darts (quivered)
 u - 2 atropa-tipped darts
Armour
 b - the +3 warlock's mirror (worn) {reflect}
   (You acquired it on level 10 of the Dungeon)

   It can block and reflect piercing ranged attacks and magical attacks against
   the wielder's willpower.
 q - a +1 plate armour (worn)
 F - +0 acid dragon scales
Jewellery
 p - a +6 ring of intelligence (right hand)
 v - a +6 ring of strength (left hand)
Wands
 e - a wand of digging (9)
 j - a wand of flame (16)
 y - a wand of acid (21)
 z - a wand of charming (6)
 D - a wand of polymorph (3)
Scrolls
 c - 2 scrolls of teleportation
 g - 4 scrolls of blinking
 h - 2 scrolls of fear
 i - 3 scrolls of magic mapping
 o - 4 scrolls of vulnerability
 A - 4 scrolls of identify
 B - a scroll of butterflies {unknown}
 H - a scroll of noise {unknown}
Potions
 d - 3 potions of lignification
 f - a potion of might
 m - a potion of haste
 r - 2 potions of heal wounds
 s - 2 potions of curing
 t - 4 potions of flight
 x - a potion of mutation {unknown}
 C - a potion of magic {unknown}
 G - a potion of attraction {unknown}


   Skills:
 + Level 6.6 Fighting
 * Level 13.3 Maces & Flails
 + Level 4.6 Armour
 - Level 2.4 Dodging


You had 10 spell levels left.
You didn't know any spells.
Your spell library was empty.

Dungeon Overview and Level Annotations

Branches:
Dungeon (10/15)            Temple (0/1) D:4
   Lair: D:8-11         Orc: D:9-12

Altars:
Ashenzari
Cheibriados
Dithmenos
Fedhas
Gozag
Kikubaaqudgha
Makhleb
Nemelex Xobeh
Okawaru
Sif Muna
Wu Jian
Xom
The Shining One

Shops:
D:8 (

Annotations:
D:4 3 runed translucent doors, Akransas's ghost, amateur DEHu; raistware's ghost, amateur OpCj
D:10 Lodul


Innate Abilities, Weirdness & Mutations

You are small and have problems with some larger weapons.
You are completely attuned to the shadows.


Message History

Press: ? - help, Q - select action, (/) - cycle Shift-Dir - straight line, f - boulder beetle
Aim: a boulder beetle (wandering, hasn't noticed you, 90% to hit)
You throw a poisoned dart.
The poisoned dart hits the boulder beetle.
The boulder beetle is poisoned.
Throw: 11 darts (poison)
Press: ? - help, Q - select action, (/) - cycle Shift-Dir - straight line, f/p - boulder beetle
Aim: a boulder beetle (lightly wounded, poisoned, 90% to hit)
You throw a poisoned dart.
The poisoned dart hits the boulder beetle.
The boulder beetle looks even sicker.
The boulder beetle is lightly wounded.
The boulder beetle curls into a ball and begins rolling!
The boulder beetle completely misses you.
The boulder beetle stops rolling and uncurls.
You sock the boulder beetle!
The boulder beetle is moderately wounded.
The boulder beetle bites you!!
You hit the boulder beetle but do no damage.
The boulder beetle is moderately wounded.
The boulder beetle bites you!
You hit the boulder beetle but do no damage.
The boulder beetle is heavily wounded.
You block the boulder beetle's attack.
You bludgeon the boulder beetle!!
The boulder beetle is severely wounded.
You hit the boulder beetle but do no damage.
The boulder beetle is severely wounded.
The boulder beetle bites you but does no damage.
You hit the boulder beetle but do no damage.
The boulder beetle is severely wounded.
The boulder beetle bites you!
* * * LOW HITPOINT WARNING * * *
You hit the boulder beetle but do no damage.
The boulder beetle is severely wounded.
The boulder beetle barely misses you.
You sock the boulder beetle!
The boulder beetle is almost dead.
The boulder beetle bites you!
You die...

#.#.# #....# #.....# #.#
#.#.####...######## #.....###'##
##.................###..........#
.....######.#.#######..###......#
.......<....#.######............#
##.#.###.####......:...####.[...#
##.#............>..(.#########'##
.#.#.###.#.......B...............
.#..<..#.#.###..@#.#.#.#######.##
...........# #.......#.#######.##
........##.###.......#...........
...................###...........
##...#####.#.#..........####.#...
####.# #.#.......###..####.#### #
#.#####.#.#............##.# #
#...............###..#.##.# #
#.####......##..###..#.##.#


You could see a boulder beetle (poisoned).

Vanquished Creatures
  A two-headed ogre (D:8)
  Pikel (D:9)
  A kobold demonologist (D:9)
  A troll (D:9)
  Grinder (D:3)
  Sigmund (D:3)
  A shadow (D:10)
  A wraith (D:9)
  3 water moccasins
  An acid dragon (D:8)
  4 orc warriors
  2 black bears
  A sky beast (D:7)
  3 ogres
  2 lemures (D:9)
  4 centaurs
  A kobold brigand (D:6)
  5 bullfrogs
  A scorpion (D:7)
  2 necrophages
  11 wights
  2 howler monkeys
  4 hounds
  An iron imp (D:8)
  5 jellies
  2 gnoll boudas (D:8)
  4 orc priests
  Jessica (D:3)
  2 iguanas
  11 orc wizards
  12 gnolls
  8 adders
  A shadow imp (D:6)
  An ufetubus (D:7)
  4 worms
  3 dart slugs
  23 orcs
  6 ball pythons
  2 bats (D:2)
  A bat zombie (D:2)
  10 endoplasms
  4 giant cockroaches
  8 goblins
  7 hobgoblins
  3 jackals (D:3)
  6 quokkas
  A ball python zombie (D:2)
  2 frilled lizards (D:1)
  9 kobolds
  3 rats
194 creatures vanquished.

Vanquished Creatures (others)
  28 fungi (D:10)
  26 plants
  5 toadstools (D:2)
  4 withered plants
63 creatures vanquished.

Grand Total: 257 creatures vanquished

Notes
Turn   | Place    | Note
-------+----------+-------------------------------------------
     0 | D:1      | EvilAshe the Kobold Berserker began the quest for the Orb.
     0 | D:1      | Reached XP level 1. HP: 14/14 MP: 1/1
   222 | D:1      | Reached skill level 3 in Maces & Flails
   451 | D:1      | Reached XP level 2. HP: 19/19 MP: 2/2
   739 | D:1      | Found a faded altar of an unknown god.
  1065 | D:1      | Reached XP level 3. HP: 18/23 MP: 3/3
  1745 | D:2      | Reached skill level 4 in Maces & Flails
  1933 | D:2      | Reached XP level 4. HP: 20/28 MP: 4/4
  2279 | D:3      | Found an iron altar of Okawaru.
  2306 | D:3      | Reached ** piety under Trog
  3344 | D:2      | Reached XP level 5. HP: 32/32 MP: 5/5
  3590 | D:2      | Reached skill level 5 in Maces & Flails
  4155 | D:3      | Noticed Sigmund
  4165 | D:3      | Killed Sigmund
  4166 | D:3      | Reached skill level 6 in Maces & Flails
  4166 | D:3      | Reached XP level 6. HP: 37/37 MP: 6/6
  4310 | D:3      | Noticed Grinder
  4324 | D:3      | Killed Grinder
  4325 | D:3      | Reached skill level 7 in Maces & Flails
  4325 | D:3      | Reached XP level 7. HP: 41/41 MP: 7/7
  4469 | D:3      | Noticed Jessica
  4474 | D:3      | Killed Jessica
  5122 | D:4      | Found a staircase to the Ecumenical Temple.
  5290 | D:5      | Entered Level 5 of the Dungeon
  5300 | D:4      | Reached skill level 8 in Maces & Flails
  5300 | D:4      | Reached XP level 8. HP: 29/46 MP: 8/8
  5965 | D:4      | Found a runed translucent gate.
  5965 | D:4      | Found a runed translucent gate.
  5965 | D:4      | Found a runed translucent gate.
  6269 | D:4      | Reached *** piety under Trog
  6419 | D:4      | Found an ancient bone altar of Kikubaaqudgha.
  6497 | D:4      | Identified the +2 ring mail of Defence {Harm rElec Str-4
                  | SInv}
  6769 | D:4      | Noticed Akransas's ghost (amateur DEHu)
  6769 | D:4      | Noticed raistware's ghost (amateur OpCj)
  7185 | D:5      | Reached skill level 9 in Maces & Flails
  7923 | D:6      | Reached skill level 10 in Maces & Flails
  7923 | D:6      | Reached XP level 9. HP: 46/51 MP: 9/9
  8384 | D:6      | Found a shimmering altar of Xom.
  8386 | D:6      | Found an opulent altar of Gozag.
  8388 | D:6      | Found a burning altar of Makhleb.
  8389 | D:6      | Found a broken altar of Ashenzari.
  8391 | D:6      | Found a shadowy altar of Dithmenos.
  8393 | D:6      | Found a blossoming altar of Fedhas.
  8395 | D:6      | Found a sparkling altar of Nemelex Xobeh.
  8396 | D:6      | Found an ornate altar of the Wu Jian Council.
  8398 | D:6      | Found a glowing golden altar of the Shining One.
  9565 | D:7      | Reached skill level 11 in Maces & Flails
 11072 | D:8      | Found Tuoraom's Weapon Shoppe.
 11343 | D:8      | Noticed a two-headed ogre
 11353 | D:8      | Killed a two-headed ogre
 11354 | D:8      | Reached skill level 12 in Maces & Flails
 11354 | D:8      | Reached XP level 10. HP: 5/58 MP: 10/10
 12207 | D:8      | Reached skill level 5 in Fighting
 12840 | D:8      | Found a snail-covered altar of Cheibriados.
 12896 | D:8      | Found a shimmering blue altar of Sif Muna.
 13233 | D:10     | Entered Level 10 of the Dungeon
 14349 | D:9      | Noticed Pikel
 14359 | D:9      | Killed Pikel
 14360 | D:9      | Reached skill level 13 in Maces & Flails
 14451 | D:9      | Noticed a kobold demonologist
 14459 | D:9      | Noticed a boulder beetle
 14460 | D:9      | Killed a kobold demonologist
 14461 | D:9      | Reached XP level 11. HP: 65/65 MP: 11/11
 14966 | D:10     | Identified a scroll of acquirement
 14966 | D:10     | Acquired the +3 warlock's mirror {reflect}
 14966 | D:10     | Found the +3 warlock's mirror {reflect}
 15130 | D:10     | Noticed Lodul
 15428 | D:9      | Slain by a boulder beetle

Illustrated notes

Levels and vault maps discovered:
D:1:      saegor_arrival_simple_d, layout_loops_ring,
          hellmonk_ecumenical_altar_heavens_door, dreamdust_princess_bridge,
          minmay_pentomino_t4
D:2:      layout_basic, serial_undead, serial_undead_a, serial_undead_f,
          serial_undead_c, serial_undead_c, minmay_gold_behind_fungi,
          minmay_fountain_box, minmay_misc_feat_iff
D:3:      layout_loops_ring, mainiacjoe_overflow_cross_hatched, uniq_grinder,
          uniq_sigmund, uniq_jessica
D:4:      layout_layer_cave, mainiacjoe_overflow_paths,
          minmay_temple_entry_glassed_door, gammafunk_ghost_cemetery,
          corexii_leaking_fountain, minmay_quantized
D:5:      layout_basic
D:6:      layout_basic, nicolae_overflow_hallway_of_the_gods,
          serial_co_window_serial, co_window_corner_a, co_window_cross_1,
          co_window_paths_b, co_window_paths_b, co_window_paths_b,
          co_window_unsneaky_path_b, co_window_of_opportunity_c,
          co_window_corner_ca, co_window_broadway_c, co_window_unsneaky_path_e,
          co_window_4corner_a, glass_columns_a, glass_columns_a,
          glass_columns_b, glass_columns_b, kennysheep_generic_room_4
D:7:      layout_gridville
D:8:      layout_basic, slow_altar_2, kennysheep_orc_sif_temple, serial_shops,
          shop
D:9:      layout_basic, minmay_fractal_squares_gapless_5, uniq_pikel
D:10:     layout_irregular_city, due_lair_maze_entry_diamond, uniq_lodul

Skill      XL: |  1  2  3  4  5  6  7  8  9 10 |
---------------+-------------------------------+-----
Maces & Flails | 3 4 6 7 8 10 12 13 | 13.3
Armour         | 2 4 |  4.6
Fighting       | 4 6 |  6.6
Dodging        | |  2.4

Action                   |  1- 3 |  4- 6 |  7- 9 | 10-12 || total
-------------------------+-------+-------+-------+-------++-------
Melee: Mace              |    42 |       |       |       ||    42
       Flail             |    24 |    93 |   314 |   216 ||   647
       Punch             |       |       |     3 |     3 ||     6
Throw: Dart              |     7 |    10 |    22 |    19 ||    58
Invok: Berserk           |       |     2 |    14 |     7 ||    23
       Trog's Hand       |       |     2 |     1 |     1 ||     4
  Use: Scroll            |       |       |    15 |     3 ||    18
 Stab: Sleeping          |     6 |     5 |       |       ||    11
       Distracted        |     1 |       |       |       ||     1
Armor: Animal skin       |    11 |     3 |       |       ||    14
       Ring mail         |       |     7 |       |       ||     7
       Plate armour      |       |    11 |   149 |    71 ||   231
Dodge: Dodged            |    43 |    55 |   139 |    58 ||   295
Block: Buckler           |       |       |       |     3 ||     3
